 Dungeon Crawl Stone Soup version 0.29-a0-721-g7f417c9bbb (webtiles) character file.

Game seed: 6944537410066554946

181 gobodom the Digger (level 5, -4/36 HPs)
             Began as a Demonspawn Earth Elementalist on June 27, 2022.
             Slain by an orc
             ... wielding a +0 trident
              (6 damage)
             ... on level 3 of the Dungeon.
             The game lasted 00:14:03 (3789 turns).

gobodom the Digger (Demonspawn Earth Elementalist)  Turns: 3789, Time: 00:14:03

Health: -4/36      AC:  5    Str: 10    XL:     5   Next: 34%
Magic:  5/10       EV: 12    Int: 17    God:
Gold:   193        SH:  0    Dex: 13    Spells: 7/11 levels left

rFire   . . .      SeeInvis .   i - +2 whip (venom)
rCold   . . .      Faith    .   (no shield)
rNeg    . . .      Spirit   .   a - +0 robe
rPois   .          Reflect  .   (no helmet)
rElec   .          Harm     .   (no cloak)
rCorr   .          Rampage  .   (no gloves)
Will    .....                   (no boots)
Stlth   ++........              (no amulet)
HPRegen 0.12/turn               (no ring)
MPRegen 0.12/turn               (no ring)

@: no status effects
A: hooves 1, yellow scales 2, foul stench 1
a: no special abilities


You were on level 3 of the Dungeon.
You visited 1 branch of the dungeon, and saw 4 of its levels.

You collected 193 gold pieces.

Inventory:

Hand Weapons
 i - a +2 whip of venom (weapon)
 k - a +2 short sword of speed
Missiles
 l - a throwing net
 r - 2 poisoned darts
 t - 3 javelins
Armour
 a - a +0 robe (worn)
Jewellery
 u - the amulet of Elemental Vulnerability {rPois rF-- rC-- AC+8}
   (You found it on level 3 of the Dungeon)

   [amulet of nothing]

   AC:        It affects your AC (+8).
   rF:        It makes you very vulnerable to fire.
   rC:        It makes you very vulnerable to cold.
   rPois:     It protects you from poison.
Scrolls
 g - 2 scrolls of enchant armour {unknown}
 h - a scroll of torment {unknown}
 j - a scroll of enchant weapon {unknown}
 o - a scroll of teleportation {unknown}
 p - 2 scrolls of identify
 q - a scroll of poison {unknown}
Potions
 b - 2 potions of magic
 c - a potion of might
 e - 2 potions of berserk rage
 f - a potion of curing
 m - a potion of lignification
 n - 2 potions of brilliance
 s - a potion of heal wounds {unknown}


   Skills:
 + Level 0.3 Fighting
 + Level 0.4 Maces & Flails
 + Level 2.1 Dodging
 + Level 2.2 Stealth
 + Level 3.7 Spellcasting
 + Level 0.1 Translocations
 + Level 1.3 Transmutations
 + Level 3.7 Earth Magic


You had 7 spell levels left.
You knew the following spells:

 Your Spells              Type           Power      Damage    Failure   Level
a - Sandblast             Erth           30%        2d9       3%          1
b - Passwall              Tmut/Erth      9%         N/A       9%          2
c - Apportation           Tloc           6%         N/A       16%         1

Your spell library contained the following spells:

 Spells                   Type           Power      Damage    Failure   Level
 Necrotize                Necr           12%        1d4       16%         1
 Summon Small Mammal      Summ           12%        N/A       16%         1
 Stone Arrow              Conj/Erth      18%        3d8       22%         3
 Ignite Poison            Fire/Tmut/Pois 4%         N/A       38%         3
 Mephitic Cloud           Conj/Pois/Air  3%         N/A       43%         3
 Petrify                  Tmut/Erth      11%        N/A       50%         4
 Freezing Cloud           Conj/Ice/Air   1%         6-21      99%         5


Dungeon Overview and Level Annotations

Branches:
Dungeon (4/15)
 Temple: D:4-7

Altars:


Innate Abilities, Weirdness & Mutations

You have large cloven feet.
You are mostly covered in yellow scales. (AC +3)
You may rarely emit foul miasma when damaged in melee.


Message History

The adder closely misses you.
You miss the adder. Your kick misses the adder.
The adder is lightly wounded.
The orc closely misses you. The adder barely misses you.
You are too injured to fight recklessly!
Casting: Sandblast (safe; 3% risk of failure)
Confirm with . or Enter, or press ? or * to list all spells.
Aiming: Sandblast (safe; 3% risk of failure)
Press: ? - help, Shift-Dir - straight line, f - adder
Aim: an adder (lightly wounded, 66% to hit)
The blast of sand hits the adder.
The adder is moderately wounded.
The adder misses you. The orc hits you with a +0 trident.
* * * LOW HITPOINT WARNING * * *
The adder bites you but does no damage. The orc hits you with a +0 trident.
* * * LOW HITPOINT WARNING * * *
Casting: Sandblast (safe; 3% risk of failure)
Confirm with . or Enter, or press ? or * to list all spells.
Aiming: Sandblast (safe; 3% risk of failure)
Press: ? - help, Shift-Dir - straight line, f/p - adder
Aim: an adder (moderately wounded, 66% to hit)
The blast of sand hits the adder!
You kill the adder!
The orc hits you with a +0 trident.
* * * LOW HITPOINT WARNING * * *
The orc hits you but does no damage. The orc closely misses you.
The orc hits you from afar with a +0 trident.
* * * LOW HITPOINT WARNING * * *
You start putting on your amulet.
You continue putting on the amulet of Elemental Vulnerability {rPois rF-- rC-- AC+8}.
The orc closely misses you.
You continue putting on the amulet of Elemental Vulnerability {rPois rF-- rC-- AC+8}.
The orc hits you but does no damage.
Keep equipping yourself?
You continue putting on the amulet of Elemental Vulnerability {rPois rF-- rC-- AC+8}.
The orc barely misses you.
You continue putting on the amulet of Elemental Vulnerability {rPois rF-- rC-- AC+8}.
The orc hits you from afar with a +0 trident.
You die...

###############
.............># #####
##########.##.###...#
....# #....o.....# ....#
#..........# ....#
###.....g@...# ....#
#............# ....#
#.#..........# .####
#.#..........# .#####
#.#.#......### .....#
#..........# .###.#
#..........# ..##.#
#..........######
..##.###...............#


You could see a gnoll and an orc.

Vanquished Creatures
  2 orc wizards (D:2)
  3 gnolls (D:4)
  5 adders
  A worm (D:3)
  3 orcs (D:2)
  2 ball pythons
  7 endoplasms
  A giant cockroach (D:2)
  2 goblins
  4 hobgoblins
  5 jackals
  6 kobolds
  A quokka (D:3)
  7 bats
  2 frilled lizards
  3 rats
54 creatures vanquished.

Notes
Turn   | Place    | Note
-------+----------+-------------------------------------------
     0 | D:1      | gobodom the Demonspawn Earth Elementalist began the quest
                  | for the Orb.
     0 | D:1      | Reached XP level 1. HP: 13/13 MP: 3/3
   203 | D:1      | Found a faded altar of an unknown god.
   611 | D:1      | Gained mutation: You are partially covered in yellow
                  | scales. (AC +2) [demonic ancestry]
   611 | D:1      | Reached XP level 2. HP: 19/19 MP: 3/5
   974 | D:1      | Learned a level 2 spell: Passwall
  1603 | D:2      | Reached skill level 1 in Transmutations
  1702 | D:2      | Gained mutation: You may rarely emit foul miasma when
                  | damaged in melee. [demonic ancestry]
  1702 | D:2      | Reached XP level 3. HP: 24/24 MP: 4/6
  2099 | D:2      | HP: 1/24 [something/puff of flame (13)]
  2103 | D:2      | Gained mutation: You are mostly covered in yellow scales.
                  | (AC +3) [demonic ancestry]
  2103 | D:2      | Reached XP level 4. HP: 15/30 MP: 5/8
  2810 | D:3      | Learned a level 1 spell: Apportation
  3166 | D:3      | Gained mutation: You have large cloven feet. [demonic
                  | ancestry]
  3166 | D:3      | Reached XP level 5. HP: 36/36 MP: 7/10
  3299 | D:3      | Found the amulet of Elemental Vulnerability {rPois rF--
                  | rC-- AC+8}
  3533 | D:4      | Noticed a sky beast
  3770 | D:4      | HP: 1/36 [gnoll/+0 club (3)]
  3783 | D:3      | HP: 1/36 [orc/+0 trident (1)]
  3789 | D:3      | Slain by an orc

Illustrated notes

Levels and vault maps discovered:
D:1:      psy_arrival_conway, layout_basic,
          ebering_ecumenical_altar_sacrificial, st_stairs_14,
          chequers_serial_rivers_large_a
D:2:      layout_basic
D:3:      layout_basic
D:4:      layout_cave_pools, overflow_temple_1_default, doesnt_xom_only_xom,
          lemuel_temple_firewalk_b

Skill      XL: |  1  2  3  4 |
---------------+-------------+-----
Stealth        | 2 |  2.2
Earth Magic    | 3 |  3.7
Transmutations | 1 |  1.3
Dodging        | 2 |  2.1
Spellcasting   | 3 |  3.7
Fighting       | |  0.3
Maces & Flails | |  0.4
Translocations | |  0.1

Action                   |  1- 3 |  4- 6 || total
-------------------------+-------+-------++-------
Melee: Unarmed           |     3 |       ||     3
       Whip              |    27 |    18 ||    45
       Kick              |       |     3 ||     3
 Cast: Sandblast         |    26 |    39 ||    65
       Passwall          |     7 |       ||     7
       Apportation       |       |     5 ||     5
  Use: Potion            |     2 |     2 ||     4
       Scroll            |       |     5 ||     5
Armor: Robe              |    15 |    14 ||    29
       Skin              |     1 |       ||     1
Dodge: Dodged            |    20 |    58 ||    78

Table legend: (Time is in decaauts)
 A = Elapsed time spent in this place.
 B = Non-inter-level travel time spent in this place.
 C = Inter-level travel time spent in this place.
 D = Time resting spent in this place.
 E = Time spent auto-exploring this place.
 F = Levels seen in this place.
 G = Mean time per level.
                   A        B        C        D        E       F      G
               +--------+--------+--------+--------+--------+-----+--------+
         Total |   3880 |   3880 |      0 |    611 |   2430 |   4 |  970.0 |
       Dungeon |   3880 |   3880 |      0 |    611 |   2430 |   4 |  970.0 |
               +--------+--------+--------+--------+--------+-----+--------+

Top non-repeatable levels by time:
     D:2: 1606 daAuts
     D:1: 1242 daAuts
     D:3: 990 daAuts
     D:4: 41 daAuts
